 Dungeon Crawl Stone Soup version 0.21.0 (webtiles) character file.

160 weerde the Chopper (level 5, -2/72 HPs)
             Began as a Minotaur Berserker on Jan 6, 2018.
             Was a Believer of Trog.
             Killed by divine providence
             ... invoked by an orc priest
              (14 damage)
             ... on level 3 of the Dungeon.
             The game lasted 00:09:00 (1874 turns).

weerde the Chopper (Minotaur Berserker)             Turns: 1874, Time: 00:09:01

Health: -2/72      AC:  2    Str: 27    XL:     5   Next: 17%
Magic:  4/4        EV: 12    Int:  4    God:    Trog [**....]
Gold:   169        SH:  0    Dex: 10    Spells: 4/4 levels left

rFire    . . .     SeeInvis .   a - +1 hand axe
rCold    . . .     Gourm    .   (no shield)
rNeg     . . .     Faith    .   b - +0 animal skin
rPois    .         Spirit   .   (helmet restricted)
rElec    .         Reflect  .   (no cloak)
rCorr    .         Harm     .   (no gloves)
MR       .....                  (no boots)
Stlth    ..........             (no amulet)
HPRegen  0.22/turn              (no ring)
MPRegen  0.09/turn              (no ring)

@: berserking, very quick
A: retaliatory headbutt, horns 2
a: Berserk, Trog's Hand, Burn Spellbooks, Renounce Religion


You were on level 3 of the Dungeon.
You worshipped Trog.
Trog was pleased with you.
You were hungry.

You visited 1 branch of the dungeon, and saw 3 of its levels.

You collected 169 gold pieces.

Inventory:

Hand Weapons
 a - a +1 hand axe (weapon)
Armour
 b - a +0 animal skin (worn)
Jewellery
 k - an uncursed ring of teleportation
Scrolls
 d - 2 scrolls of enchant weapon
 g - a scroll of random uselessness {unknown}
 h - a scroll of immolation {unknown}
 j - a scroll of identify {unknown}
 l - a scroll of enchant armour {unknown}
 m - a scroll of fog {unknown}
Potions
 e - a potion of curing
 i - a potion of brilliance {unknown}
Comestibles
 c - 3 rations
 f - 7 chunks of flesh


   Skills:
 + Level 5.0 Fighting
 + Level 5.0 Axes
 + Level 4.2 Armour
 - Level 2.1 Dodging


You had 4 spell levels left.
You didn't know any spells.

Dungeon Overview and Level Annotations

Branches:
Dungeon (3/15)

Altars:


Innate Abilities, Weirdness & Mutations

You reflexively headbutt those who attack you in melee.
You have a pair of horns on your head.


Message History

You hear the slow rusting of a distant drain.
You see here 11 stones.
The orc hits you but does no damage. The orc priest closely misses you.
You see here 11 stones.
You closely miss the orc. The orc hits you with a dagger.
The orc priest hits you but does no damage.
The orc hits you but does no damage.
The orc priest mumbles some strange prayers to Beogh against you.
Beogh smites you!
* * * LOW HITPOINT WARNING * * *
A red film seems to cover your vision as you go berserk!
You feel yourself moving faster!
You feel mighty!
You are feeling hungry.
The orc misses you.
You slash the orc!
You kill the orc!
Trog accepts your kill.
The orc priest calls down the wrath of Beogh upon you.
Beogh smites you!
You die...

#.# ####### #.#
#.....# ###.#
#.###.#### #.#.#
#.#.......
#.#.#####...#.####
#.................
#.#.#####..#.#####
#.#.##............
#@#.##.#..........
#)#.##...#.#.#####
##o#.##.>.......
#oo...#...#.#.###
#..#..#.........
#..#..#...#.# #.#
#..# .#... .# .#
#..# .#... .# #
#..# #


You could see 2 orc priests and an orc.

Vanquished Creatures
  A bullfrog zombie (D:3)
  5 gnolls
  2 oozes
  3 worms (D:2)
  A dart slug (D:1)
  2 leopard geckos (D:1)
  An orc (D:3)
  7 bats
  6 giant cockroaches
  3 goblins
  10 hobgoblins
  7 kobolds
  2 quokkas (D:2)
  A ball python (D:3)
  A frilled lizard (D:1)
  5 rats
57 creatures vanquished.

Notes
Turn   | Place    | Note
-------+----------+-------------------------------------------
     0 | D:1      | weerde the Minotaur Berserker began the quest for the Orb.
     0 | D:1      | Reached XP level 1. HP: 19/19 MP: 0/0
    44 | D:1      | Reached XP level 2. HP: 15/27 MP: 1/1
   317 | D:1      | Reached XP level 3. HP: 33/33 MP: 2/2
   794 | D:2      | Reached XP level 4. HP: 20/41 MP: 3/3
   797 | D:2      | Reached ** piety under Trog
   801 | D:2      | HP: 1/41 [poisoned by a gnoll]
  1774 | D:3      | Reached skill level 5 in Fighting
  1774 | D:3      | Reached skill level 5 in Axes
  1774 | D:3      | Reached XP level 5. HP: 40/48 MP: 4/4
  1874 | D:3      | Killed from afar by an orc priest

Skill      XL: |  1  2  3  4 |
---------------+-------------+-----
Axes           | 4 5 |  5.0
Fighting       | 4 5 |  5.0
Armour         | 3 4 |  4.2
Dodging        | |  2.1

Action                   |  1- 3 |  4- 6 || total
-------------------------+-------+-------++-------
Melee: Hand axe          |    56 |    71 ||   127
       Headbutt          |     8 |    10 ||    18
Invok: Berserk           |     1 |     1 ||     2
  Use: Scroll            |       |     3 ||     3
       Potion            |       |     2 ||     2
 Stab: Sleeping          |     1 |       ||     1
  Eat: Chunk             |       |     4 ||     4
Armor: Animal skin       |    16 |    12 ||    28
Dodge: Dodged            |    51 |    47 ||    98
